 Dungeon Crawl Stone Soup version bcrawl-1.19-7-g22fd707d3b (webtiles) character file.

Game seed: 4887644165024771701

531 MisterOstroum the Conjurer (level 7, 57/57 HPs)
             Began as a White Draconian Fire Elementalist on Nov 18, 2019.
             Quit the game on level 4 of the Dungeon on Nov 19, 2019.
             The game lasted 00:07:48 (4502 turns).

MisterOstroum the Conjurer (DrFE)                   Turns: 4502, Time: 00:07:49

Health: 57/57      AC:  8    Str: 10    XL:     7   Next: 3%
Magic:  1/11       EV: 12    Int: 17    God:
Gold:   99         SH:  0    Dex: 12    Spells: 1/12 levels left

rFire    x . .     SeeInvis .   k - +1 dagger (freeze)
rCold    + + .     Gourm    .   (no shield)
rNeg     . . .     Faith    .   (armour unavailable)
rPois    .         Spirit   .   (helmet restricted)
rElec    .         Reflect  .   (no cloak)
rCorr    .         Harm     .   s - +0 pair of gloves
MR       .....                  (no boots)
Stlth    ++........             (no amulet)
HPRegen  0.19/turn              g - +1 ring of protection
MPRegen  0.12/turn              p - ring of ice

@: no status effects
A: breathe frost, unfitting armour, cold resistance 1, cold-blooded, AC +6
a: Breathe Frost


You were on level 4 of the Dungeon.
You were not hungry.

You visited 1 branch of the dungeon, and saw 4 of its levels.

You collected 281 gold pieces.
You spent 182 gold pieces at shops.

Inventory:

Hand Weapons
 a - a +0 dagger
 k - a +1 dagger of freezing (weapon)
 l - the +3 dagger "Viops" {vamp, Str+2 Dex+3 Stlth+, unknown}
   (You found it on level 4 of the Dungeon)

   It inflicts no extra harm, but heals its wielder when it wounds a living foe.
   It affects your strength (+2).
   It affects your dexterity (+3).
   It makes you more stealthy.
Missiles
 b - 537 stones (quivered)
 d - 77 exploding tomahawks
Armour
 s - a +0 pair of gloves (worn)
Magical Staves
 n - an uncursed staff of poison
Jewellery
 g - a +1 ring of protection (left hand)
 p - a ring of ice (right hand)
Scrolls
 f - 3 scrolls of teleportation {@r3 !r}
 i - a scroll of magic mapping {@r5 !r}
 q - a scroll of immolation {unknown}
 t - a scroll of enchant weapon {unknown}
 u - a scroll of identify {unknown}
Potions
 c - a potion of lignification {unknown}
 h - 6 potions of curing
 j - a potion of magic {unknown}
 m - a potion of mutation {unknown}
 o - 4 potions of haste
 r - a potion of heal wounds {unknown}
Comestibles
 e - 6 rations {!d}


   Skills:
 - Level 3.0 Fighting
 - Level 1.7 Dodging
 - Level 2.6 Stealth
 - Level 3.1 Spellcasting
 * Level 4.9 Conjurations
 + Level 3.7 Fire Magic


You had one spell level left.
You knew the following spells:

 Your Spells              Type           Power        Failure   Level  Hunger
a - Flame Tongue          Conj/Fire      ###..        3%          1    None
b - Conjure Flame         Conj/Fire      ###.....     9%          3    ###....
c - Fireball              Conj/Fire      ###.......   63%         5    ######.
d - Flaming Arrows        Chrm/Fire      #.......     12%         2    ##.....

Your spell library contained the following spells:

 Spells                   Type           Power        Failure   Level  Hunger
 Inner Flame              Hex/Fire       N/A          24%         3    ###....
 Sticky Flame             Conj/Fire      ###.....     28%         4    ####...


Dungeon Overview and Level Annotations

Branches:
Dungeon (4/12)
 Temple: D:4-7

Altars:
Elyvilon

Shops:
D:4 !

Annotations:
D:2 1 runed door, exclusion: door


Innate Abilities, Weirdness & Mutations

You can breathe waves of freezing cold.
You can buffet flying creatures when you breathe cold.
Your icy white scales are hard. (AC +6)
You cannot fit into any form of body armour.
Your flesh is cold resistant. (rC+)
You are cold-blooded and may be slowed by cold attacks.


Message History

There is an open door here.
There is a stone staircase leading up here.
You climb upwards.
Reactivating autopickup.
There is a stone staircase leading down here.
Memorise Conjure Flame, consuming 3 spell levels and leaving 0?
You start memorising the spell.
You continue memorising. x3
You finish memorising.
Spell assigned to 'd'.
Adjust (i)tems, (s)pells, or (a)bilities?
Adjust which spell? d - Conjure Flame Adjust to which letter? b - Conjure Flame; d - Flaming Arrows
Okay, then.
You see here a +0 hand axe.
There is a stone staircase leading down here.
Autopickup is now off.
Autopickup is now on.
You climb downwards.
There is a stone staircase leading up here.
There is a stone staircase leading up here.
The orc warrior is too close now for your liking.
An orc warrior is nearby!
Unknown command.
Throwing (i - inventory. (/) - cycle)
b - 539 stones (quivered)
Press: ? - help, Shift-Dir - straight line, f - orc warrior
Aim: an orc warrior, wielding a +0 dire flail and wearing a +0 plate armour You throw a stone.
The stone barely misses the orc warrior.
Throwing (i - inventory. (/) - cycle)
b - 538 stones (quivered)
Press: ? - help, Shift-Dir - straight line, f/p - orc warrior
Aim: an orc warrior, wielding a +0 dire flail and wearing a +0 plate armour You throw a stone.
The stone barely misses the orc warrior.
Unknown command.
Casting: Flame Tongue (safe; 2% risk of failure)
Confirm with . or Enter, or press ? or * to list all spells.
Aiming: Conjure Flame (safe; 9% risk of failure)
Press: ? - help, Dir - move target cursor, p - orc warrior The fire ignites!
Casting: Conjure Flame (safe; 9% risk of failure)
Confirm with . or Enter, or press ? or * to list all spells.
Aiming: Flame Tongue (safe; 2% risk of failure)
Press: ? - help, Shift-Dir - straight line, f - orc warrior
Aim: an orc warrior, wielding a +0 dire flail and wearing a +0 plate armour The flame tongue misses the orc warrior.
You are starving!
You don't have the energy to cast that spell.
You eat one of the 7 rations {!d}.
That ration really hit the spot!
Casting: Flame Tongue (safe; 2% risk of failure)
Confirm with . or Enter, or press ? or * to list all spells.
Aiming: Flame Tongue (safe; 2% risk of failure)
Press: ? - help, Shift-Dir - straight line, f/p - orc warrior
Aim: an orc warrior, wielding a +0 dire flail and wearing a +0 plate armour The flame tongue hits the orc warrior.
The orc warrior is moderately wounded.
Casting: Flame Tongue (safe; 2% risk of failure)
Confirm with . or Enter, or press ? or * to list all spells.
Aiming: Flame Tongue (safe; 2% risk of failure)
Press: ? - help, Shift-Dir - straight line, f/p - orc warrior
Aim: an orc warrior, wielding a +0 dire flail and wearing a +0 plate armour (moderately wounded)
The flame tongue hits the orc warrior.
The orc warrior appears unharmed.
The orc warrior is moderately wounded.
Casting: Flame Tongue (safe; 2% risk of failure)
Confirm with . or Enter, or press ? or * to list all spells.
Aiming: Flame Tongue (safe; 2% risk of failure)
Press: ? - help, Shift-Dir - straight line, f/p - orc warrior
Aim: an orc warrior, wielding a +0 dire flail and wearing a +0 plate armour (moderately wounded)
The flame tongue hits the orc warrior.
The orc warrior appears unharmed.
The orc warrior is moderately wounded.
Casting: Flame Tongue (safe; 2% risk of failure)
Confirm with . or Enter, or press ? or * to list all spells.
Aiming: Flame Tongue (safe; 2% risk of failure)
Press: ? - help, Shift-Dir - straight line, f/p - orc warrior
Aim: an orc warrior, wielding a +0 dire flail and wearing a +0 plate armour (moderately wounded)
The flame tongue hits the orc warrior.
The orc warrior is heavily wounded.
Casting: Flame Tongue (safe; 2% risk of failure)
Confirm with . or Enter, or press ? or * to list all spells.
Aiming: Flame Tongue (safe; 2% risk of failure)
Press: ? - help, Shift-Dir - straight line, f/p - orc warrior
Aim: an orc warrior, wielding a +0 dire flail and wearing a +0 plate armour (heavily wounded)
The flame tongue hits the orc warrior.
The orc warrior is severely wounded.
Casting: Flame Tongue (safe; 2% risk of failure)
Confirm with . or Enter, or press ? or * to list all spells.
Aiming: Flame Tongue (safe; 2% risk of failure)
Press: ? - help, Shift-Dir - straight line, f/p - orc warrior
Aim: an orc warrior, wielding a +0 dire flail and wearing a +0 plate armour (severely wounded)
The flame tongue hits the orc warrior.
You kill the orc warrior!
You have reached level 7!
Your scales start taking on an icy white colour.
You learn Fire Magic much slower.
Your Fire Magic skill decreases to level 3!
You learn Ice Magic much quicker.
You can breathe waves of freezing cold.
You can buffet flying creatures when you breathe cold.
You feel resistant to cold.
Okay, then.
Are you sure you want to abandon this character and quit the game? (Confirm with "yes".)

........................#
.................>......#
########.#.####.........# .#
####.#.# #.........#
.####....#.############.###
.#............# #........#
##............# #........#######
..............####........'o.....
#####........)○.@.........######.
#.........###.........# #.
#.........# #.######### #####
#.........# #.# #.... ####......#
#.# #.### ############ #.# #.#..
#.....# #.# #.#.# #.###.# #.#
#.#.# #.# #.########.# #.#.#


There were no monsters in sight!

Vanquished Creatures
  An orc warrior (D:4)
  An ice beast (D:3)
  An ogre (D:4)
  A hound (D:4)
  An orc wizard (D:3)
  2 worker ants
  4 adders
  2 oozes
  4 worms
  2 dart slugs (D:1)
  7 leopard geckos
  6 orcs
  A ball python (D:1)
  11 bats
  6 giant cockroaches
  5 goblins
  10 hobgoblins
  9 jackals (D:3)
  13 kobolds
  A quokka (D:3)
  5 frilled lizards
  9 rats
102 creatures vanquished.

Notes
Turn   | Place    | Note
-------+----------+-------------------------------------------
     0 | D:1      | MisterOstroum the Draconian Fire Elementalist began the
                  | quest for the Orb.
     0 | D:1      | Reached XP level 1. HP: 14/14 MP: 3/3
     2 | D:1      | Noticed a halfling
     2 | D:1      | Noticed a tengu
     4 | D:1      | Noticed a naga
     6 | D:1      | Noticed a vampire
     6 | D:1      | Noticed a ghoul
     8 | D:1      | Noticed a formicid
     8 | D:1      | Noticed a centaur
    10 | D:1      | Noticed a merfolk
    10 | D:1      | Noticed a dwarf
    12 | D:1      | Noticed a demigod
    15 | D:1      | Noticed a human
    15 | D:1      | Noticed an octopode
    17 | D:1      | Noticed a gargoyle
    19 | D:1      | Noticed a vine stalker
    19 | D:1      | Noticed a demonspawn
    21 | D:1      | Noticed a draconian
    21 | D:1      | Noticed a felid
    23 | D:1      | Noticed a minotaur
    23 | D:1      | Noticed a troll
    25 | D:1      | Noticed an ogre
    27 | D:1      | Noticed an elf
    27 | D:1      | Noticed a spriggan
   123 | D:1      | Reached skill level 1 in Fighting
   157 | D:1      | Reached XP level 2. HP: 23/23 MP: 0/5
   246 | D:1      | Learned a level 2 spell: Flaming Arrows
  1022 | D:1      | Reached XP level 3. HP: 29/29 MP: 4/6
  1642 | D:2      | Reached XP level 4. HP: 37/37 MP: 5/7
  1983 | D:2      | Found a runed door.
  2164 | D:3      | Reached skill level 2 in Conjurations
  2558 | D:3      | Found a white marble altar of Elyvilon.
  2681 | D:3      | Reached XP level 5. HP: 43/45 MP: 1/8
  2888 | D:3      | Learned a level 5 spell: Fireball
  3103 | D:3      | Reached skill level 3 in Conjurations
  3380 | D:3      | Noticed an ice beast
  3388 | D:3      | Killed an ice beast
  3388 | D:3      | Reached XP level 6. HP: 51/51 MP: 5/10
  3865 | D:4      | Got a pitted dagger
  3894 | D:4      | Noticed an orc warrior
  3960 | D:4      | Reached skill level 4 in Conjurations
  4259 | D:4      | Found Najannikk's Distillery.
  4296 | D:4      | Bought a potion of curing for 42 gold pieces
  4296 | D:4      | Bought a potion of haste for 140 gold pieces
  4377 | D:3      | Learned a level 3 spell: Conjure Flame
  4501 | D:4      | Killed an orc warrior
  4501 | D:4      | Your scales start taking on an icy white colour.
  4501 | D:4      | Reached XP level 7. HP: 57/57 MP: 1/11
  4501 | D:4      | Gained mutation: Your flesh is cold resistant. (rC+) [White
                  | Draconian growth]
  4502 | D:4      | Quit the game

Skill      XL: |  1  2  3  4  5  6 |
---------------+-------------------+-----
Fighting       | 1 2 3 |  3.0
Conjurations   | 2 3 4 |  4.9
Fire Magic     | 3 |  3.7
Spellcasting   | 3 |  3.1
Dodging        | |  1.7
Stealth        | |  2.6

Action                   |  1- 3 |  4- 6 |  7- 9 || total
-------------------------+-------+-------+-------++-------
Melee: Dagger            |    15 |    41 |       ||    56
       Tailslap          |     2 |     5 |       ||     7
Throw: Stone             |       |     4 |       ||     4
 Cast: Flame Tongue      |    76 |   133 |     1 ||   210
       Conjure Flame     |       |     1 |       ||     1
       Flaming Arrows    |       |     1 |       ||     1
  Use: Scroll            |       |     4 |       ||     4
 Stab: Sleeping          |       |     1 |       ||     1
  Eat: Chunk             |     4 |     8 |       ||    12
       Ration            |       |     1 |       ||     1
Armor: Skin              |    14 |    33 |       ||    47
Dodge: Dodged            |    31 |    58 |       ||    89
